 Dungeon Crawl Stone Soup version 0.30-a0-359-gd0147acb1a (webtiles) character file.

Game seed: 11620270648572499004

2641 Gismaildir the Covered (level 9, -5/72 HPs)
             Began as a Minotaur Fighter on Nov 12, 2022.
             Was a Priest of Okawaru.
             Slain by a gnoll sergeant
             ... wielding a +0 halberd
              (9 damage)
             ... in a bailey.
             The game lasted 00:13:03 (6455 turns).

Gismaildir the Covered (Minotaur Fighter)           Turns: 6455, Time: 00:13:04

Health: -5/72      AC: 10    Str: 26    XL:     9   Next: 35%
Magic:  8/8        EV: 11    Int: 11    God:    Okawaru [***...]
Gold:   394        SH:  5    Dex:  9    Spells: 8/8 levels left

rFire   . . .      SeeInvis .    a - +0 war axe
rCold   . . .      Faith    .    c - +0 buckler
rNeg    . . .      Spirit   .    b - +0 scale mail
rPois   +          Reflect  .    f - +2 hat
rElec   .          Harm     .    (no cloak)
rCorr   .          Rampage  .    (no gloves)
Will    .....                    (no boots)
Stlth   ..........               e - amulet of regeneration
HPRegen 1.12/turn                o - ring "Eheqa" {rPois Int+6}
MPRegen 0.11/turn                y - ring of flight

@: weakened, on berserk cooldown, flying, slowed, very slow
A: horns 2, retaliatory headbutt, hooves 1, frail 1
a: Renounce Religion, Heroism


You were in a bailey.
You worshipped Okawaru.
Okawaru was most pleased with you.
You visited 2 branches of the dungeon, and saw 8 of its levels.
You also visited: Sewer and Bailey.

You collected 394 gold pieces.

Inventory:

Hand Weapons
 a - a +0 war axe (weapon)
Missiles
 k - 6 throwing nets (quivered)
Armour
 b - a +0 scale mail (worn)
 c - a +0 buckler (worn)
 f - a +2 hat (worn)
 g - a +0 kite shield
Jewellery
 e - an amulet of regeneration (around neck)
 o - the ring "Eheqa" (left hand) {rPois Int+6}
   (You found it on level 3 of the Dungeon)

   [ring of intelligence]

   Int:       It affects your intelligence (+6).
   rPois:     It protects you from poison.
 y - a ring of flight (right hand)
Scrolls
 i - a scroll of fog
 j - 6 scrolls of teleportation
 u - 3 scrolls of amnesia
Potions
 d - a potion of might
 h - 2 potions of degeneration {unknown}
 l - a potion of lignification {unknown}
 m - a potion of berserk rage
 n - 2 potions of attraction {unknown}
 p - a potion of heal wounds
 q - a potion of experience {unknown}
 r - 3 potions of haste
 s - a potion of brilliance {unknown}
 t - a potion of resistance {unknown}
 w - a potion of curing {unknown}
 x - a potion of flight {unknown}
 z - 2 potions of mutation
 A - a potion of magic {unknown}


   Skills:
 + Level 7.7 Fighting
 + Level 7.3 Axes
 + Level 7.9 Armour
 + Level 6.0 Dodging
 + Level 7.7 Shields


You had 8 spell levels left.
You didn't know any spells.
Your spell library contained the following spells:

 Spells                   Type           Power      Damage    Failure   Level
 Blink                    Tloc           0%         N/A       80%         2
 Momentum Strike          Conj/Tloc      0%         3d8       80%         2
 Lesser Beckoning         Tloc           0%         N/A       95%         3


Dungeon Overview and Level Annotations

Branches:
Dungeon (7/15)             Temple (1/1) D:5           Sewer (visited)
 Bailey (1/1)

Altars:
Cheibriados
Dithmenos
Elyvilon
Fedhas
Hepliaklqana
Makhleb
Nemelex Xobeh
Okawaru
Qazlal
Ru
Wu Jian


Innate Abilities, Weirdness & Mutations

You have a pair of horns on your head.
You reflexively headbutt those who attack you in melee.
You have large cloven feet.
You are frail. (-10% HP)


Message History

You headbutt the gnoll bouda. You block the gnoll's attack.
The gnoll bouda barely misses you. The gnoll closely misses you.
The gnoll bouda attacks as you move away!
You block the gnoll bouda's attack.
The gnoll bouda is no longer moving quickly.
The gnoll bouda hits you from afar with a +0 halberd.
The gnoll bouda hits you from afar with a +0 trident.
* * * LOW HITPOINT WARNING * * *
The gnoll bouda gazes fiercely through you!
You feel as though you will be weak longer.
The gnoll bouda barely misses you. You block the gnoll bouda's attack.
The gnoll sergeant closely misses you.
The gnoll bouda barks out a call to the hunt!
As you read the scroll of teleportation, it crumbles to dust.
You feel strangely unstable.
The gnoll is no longer moving quickly.
The gnoll bouda barks out a call to the hunt!
The gnoll picks up the pace!
Unknown command.
The gnoll sergeant is no longer moving quickly.
The gnoll bouda gazes fiercely through you!
You feel as though you will be weak longer.
The gnoll bouda barks out a call to the hunt!
The gnoll sergeant picks up the pace!
Your surroundings seem slightly different.
The gnoll shouts! x2; You hear a shout! x2
The gnoll bouda barely misses you. The gnoll bouda completely misses you.
The gnoll misses you.
The gnoll sergeant hits you with a +0 halberd!
* * * LOW HITPOINT WARNING * * *
The gnoll bouda hits you with a +0 trident.
* * * LOW HITPOINT WARNING * * *
The gnoll hits you from afar with a +0 trident.
* * * LOW HITPOINT WARNING * * *
The gnoll sergeant hits you with a +0 halberd!
* * * LOW HITPOINT WARNING * * *
The gnoll bouda hits you but does no damage.
The gnoll hits you but does no damage. You block the gnoll bouda's attack.
You block the gnoll's attack.
The gnoll sergeant hits you with a +0 halberd!
You die...

♣♣.♣♣ ♣♣♣♣.∩.♣♣
♣♣.......♣♣♣♣
♣♣...........♣♣♣
.......).....g.♣♣
≈≈≈≈≈≈)..≈≈≈≈≈≈≈♣♣
..............g≈≈♣
.............÷gg≈♣
######'''######g@♣
#g≈♣ ##≈♣ #≈♣ #≈♣
#≈♣ #≈♣ ..#≈♣
..#≈♣


You could see a gnoll sergeant, 2 gnoll boudas and 3 gnolls.

Vanquished Creatures
  A water moccasin (D:6)
  3 black bears (D:5)
  5 wolves (Bailey)
  A centaur (D:7)
  A phantom (D:5)
  A bullfrog (D:4)
  A kobold brigand (Sewer)
  2 necrophages
  4 scorpions
  4 gnoll sergeants (Bailey)
  3 hounds
  3 jellies
  2 orc priests
  3 gnoll boudas (Bailey)
  3 iguanas
  Natasha (twice) (D:4)
  3 orc wizards (D:6)
  9 gnolls
  8 river rats
  9 adders
  2 shadow imps
  A white imp (D:7)
  An ufetubus (D:6)
  7 worms
  3 dart slugs
  20 orcs
  17 ball pythons
  10 endoplasms
  5 giant cockroaches
  6 hobgoblins
  6 jackals (D:2)
  22 kobolds
  4 quokkas
  5 bats
  4 frilled lizards
  9 goblins
  27 rats
217 creatures vanquished.

Notes
Turn   | Place    | Note
-------+----------+-------------------------------------------
     0 | D:1      | Gismaildir the Minotaur Fighter began the quest for the
                  | Orb.
     0 | D:1      | Reached XP level 1. HP: 19/19 MP: 0/0
   159 | D:1      | Reached XP level 2. HP: 27/27 MP: 1/1
   245 | D:1      | Reached skill level 1 in Dodging
   730 | D:2      | Reached XP level 3. HP: 33/33 MP: 2/2
  1127 | D:2      | Reached XP level 4. HP: 37/40 MP: 3/3
  1628 | D:3      | Reached XP level 5. HP: 15/47 MP: 4/4
  1922 | D:3      | Found an ornate altar of the Wu Jian Council.
  1923 | D:3      | Identified the ring "Eheqa" {rPois Int+6}
  2459 | D:4      | Found a glowing drain.
  2467 | Sewer    | Entered a sewer
  2596 | Sewer    | Gained mutation: You have large cloven feet. [potion of
                  | mutation]
  2596 | Sewer    | Gained mutation: Your magical capacity is low. (-10% MP)
                  | [potion of mutation]
  2596 | Sewer    | Gained mutation: You have a somewhat thin skeletal
                  | structure. (Dex +2, Stealth+) [potion of mutation]
  2597 | Sewer    | Lost mutation: You have a somewhat thin skeletal structure.
                  | (Dex +2, Stealth+) [potion of mutation]
  2597 | Sewer    | Lost mutation: Your magical capacity is low. (-10% MP)
                  | [potion of mutation]
  2597 | Sewer    | Gained mutation: You are frail. (-10% HP) [potion of
                  | mutation]
  2677 | Sewer    | Reached XP level 6. HP: 45/47 MP: 5/5
  2687 | Sewer    | Reached skill level 5 in Armour
  2701 | Sewer    | Reached skill level 5 in Shields
  3120 | D:4      | Reached skill level 5 in Fighting
  3145 | D:4      | Found a sacrificial altar of Ru.
  3148 | D:4      | Found a snail-covered altar of Cheibriados.
  3150 | D:4      | Found an iron altar of Okawaru.
  3225 | D:4      | Found a blossoming altar of Fedhas.
  3246 | D:4      | Became a worshipper of Warmaster Okawaru
  3263 | D:4      | Found a burning altar of Makhleb.
  3518 | D:4      | Reached XP level 7. HP: 53/54 MP: 6/6
  3763 | D:4      | Noticed Natasha
  3784 | D:5      | Entered Level 5 of the Dungeon
  3847 | D:5      | Identified the +0 ring mail of Resourcefulness {-Cast Fly
                  | rN+ Regen+}
  3854 | D:5      | Found a staircase to the Ecumenical Temple.
  3866 | Temple   | Entered the Ecumenical Temple
  4047 | D:5      | Reached skill level 5 in Axes
  4097 | D:5      | Reached * piety under Okawaru
  4159 | D:5      | Reached XP level 8. HP: 44/63 MP: 7/7
  4234 | D:5      | Found a white marble altar of Elyvilon.
  4713 | D:4      | Found a sparkling altar of Nemelex Xobeh.
  4722 | D:4      | Killed Natasha
  4856 | D:4      | Noticed Natasha
  4861 | D:4      | Killed Natasha
  4942 | D:6      | Found a hazy altar of Hepliaklqana.
  5186 | D:6      | Reached skill level 5 in Dodging
  5324 | D:6      | Reached ** piety under Okawaru
  5611 | D:7      | Found a flagged portal.
  5632 | Bailey   | Entered a bailey
  5872 | Bailey   | Reached XP level 9. HP: 71/71 MP: 8/8
  6160 | Bailey   | Reached *** piety under Okawaru
  6455 | Bailey   | Slain by a gnoll sergeant

Illustrated notes

Levels and vault maps discovered:
D:1:      scummos_arrival_star, layout_rooms, amcnicky_mini_pool_small,
          minmay_misc_feat_square, minmay_misc_feat_doors, grunt_decor_junction,
          minmay_bisected
D:2:      layout_loops_ring, minmay_joined_circles
D:3:      layout_basic, mainiacjoe_overflow_catwalk
D:4:      layout_cave_pods, nicolae_overflow_hidden_temple,
          grunt_temple_overflow_open, lightli_sewer_entry_pipes,
          minmay_three_crescents, uniq_natasha
D:5:      dreamdust_elfheim, layout_basic, elyvilon_altar_4,
          minmay_temple_entry_antechambers
D:6:      layout_rooms, lemuel_crystal_altar
D:7:      layout_gridville, xom_butterflies, enter_bailey_6
Temple:   chequers_temple_sunken
Bailey:   bailey_polearm_gnolls_kennysheep, bailey

Skill      XL: |  1  2  3  4  5  6  7  8  9 |
---------------+----------------------------+-----
Dodging        | 1 2 3 4 5 6 |  6.0
Armour         | 4 5 6 7 |  7.9
Shields        | 4 5 6 7 |  7.7
Fighting       | 4 5 6 7 |  7.7
Axes           | 3 4 5 6 7 |  7.3

Action                   |  1- 3 |  4- 6 |  7- 9 || total
-------------------------+-------+-------+-------++-------
Melee: War axe           |    94 |   166 |   218 ||   478
       Headbutt          |    10 |    20 |    36 ||    66
       Kick              |       |    13 |    62 ||    75
  Use: Scroll            |     4 |     7 |     8 ||    19
       Potion            |       |     2 |     4 ||     6
Armor: Scale mail        |    44 |    75 |   119 ||   238
Dodge: Dodged            |    35 |    98 |   235 ||   368
Block: Buckler           |    21 |    61 |   100 ||   182

Table legend: (Time is in decaauts)
 A = Elapsed time spent in this place.
 B = Non-inter-level travel time spent in this place.
 C = Inter-level travel time spent in this place.
 D = Time resting spent in this place.
 E = Time spent auto-exploring this place.
 F = Levels seen in this place.
 G = Mean time per level.
                   A        B        C        D        E       F      G
               +--------+--------+--------+--------+--------+-----+--------+
         Total |   6664 |   6192 |    472 |    384 |   3965 |  10 |  666.4 |
       Dungeon |   5331 |   4859 |    472 |     53 |   3643 |   7 |  761.6 |
        Temple |      1 |      1 |      0 |      0 |      0 |   1 |    1.0 |
         Sewer |    490 |    490 |      0 |      0 |    259 |   1 |  490.0 |
        Bailey |    840 |    840 |      0 |    331 |     62 |   1 |  840.0 |
               +--------+--------+--------+--------+--------+-----+--------+

Top non-repeatable levels by time:
     D:4: 1072 daAuts
     D:5: 1057 daAuts
     D:2: 948 daAuts
     D:3: 884 daAuts
  Bailey: 840 daAuts
     D:1: 638 daAuts
     D:6: 535 daAuts
   Sewer: 490 daAuts
     D:7: 194 daAuts
  Temple: 1 daAuts
